 Dungeon Crawl Stone Soup version 0.30-a0-719-gcc4359ea44 (webtiles) character file.

Game seed: 2352274441341609142

36 themarg the Ducker (level 3, 0/28 HPs)
             Began as a Demonspawn Gladiator on Jan 27, 2023.
             Succumbed to an adder's poison
             ... on level 2 of the Dungeon.
             The game lasted 00:01:59 (1034 turns).

themarg the Ducker (Demonspawn Gladiator)           Turns: 1034, Time: 00:01:59

Health: 0/28       AC:  4    Str: 16    XL:     3   Next: 19%
Magic:  3/3        EV: 12    Int:  9    God:
Gold:   30         SH:  0    Dex: 14    Spells: 2/2 levels left

rFire   . . .      SeeInvis .    a - +0 flail
rCold   . . .      Faith    .    (no shield)
rNeg    . . .      Spirit   .    b - +0 leather armour
rPois   .          Reflect  .    c - +0 helmet
rElec   .          Harm     .    (no cloak)
rCorr   .          Rampage  .    (no gloves)
Will    .....                    (no boots)
Stlth   +                        (no amulet)
HPRegen 0.24/turn                (no ring)
MPRegen 0.08/turn                (no ring)

@: lethally poisoned (0 -> -2)
A: hooves 1
a: no special abilities


You were on level 2 of the Dungeon.
You visited 1 branch of the dungeon, and saw 2 of its levels.

You collected 30 gold pieces.

Inventory:

Hand Weapons
 a - a +0 flail (weapon)
Missiles
 d - 3 throwing nets (quivered)
 e - a javelin
 h - 38 stones
Armour
 b - a +0 leather armour (worn)
 c - a +0 helmet (worn)
Jewellery
 k - a ring of poison resistance
Scrolls
 g - 2 scrolls of teleportation {unknown}
 i - 2 scrolls of fog {unknown}
 l - a scroll of immolation {unknown}
 m - a scroll of magic mapping {unknown}
Potions
 f - a potion of brilliance {unknown}
 j - a potion of mutation {unknown}


   Skills:
 + Level 2.9 Fighting
 - Level 2.6 Maces & Flails
 - Level 1.7 Throwing
 + Level 3.3 Dodging


You had 2 spell levels left.
You didn't know any spells.
Your spell library was empty.

Dungeon Overview and Level Annotations

Branches:
Dungeon (2/15)

Altars:


Innate Abilities, Weirdness & Mutations

You have large cloven feet.


Message History

You are more poisoned.
The adder poisons you!
You miss the adder.
The adder is severely wounded.
You feel very sick.
The adder bites you but does no damage. x2
You closely miss the adder.
The adder is severely wounded.
You feel sick. The adder bites you but does no damage.
You closely miss the adder. Your kick misses the adder.
The adder is severely wounded.
You feel sick. The adder bites you. The adder barely misses you.
You completely miss the adder. Your kick misses the adder.
The adder is severely wounded.
You feel sick. The adder closely misses you. The adder misses you.
You closely miss the adder. Your kick misses the adder.
The adder is severely wounded.
You feel sick. The adder bites you.
You are more poisoned.
The adder poisons you!
You miss the adder. Your kick misses the adder.
The adder is severely wounded.
You feel very sick.
The adder bites you but does no damage. x2
You miss the adder.
The adder is severely wounded.
You feel sick. The adder bites you but does no damage.
The adder closely misses you.
You miss the adder. Your kick misses the adder.
The adder is severely wounded.
You feel sick. The adder closely misses you.
You miss the adder. You kick the adder.
The adder is almost dead.
You feel sick. The adder bites you.
* * * LOW HITPOINT WARNING * * *
The adder bites you.
* * * LOW HITPOINT WARNING * * *
You sock the adder!
You kill the adder!
You die...

#.......#
###.#####
.##########.#
........>.#.#####
..........#.....#
.......S..'.#####
..........#l#
..........#†#
..........#@#
..........#.#
....l.....#.#
..........#.#
.......####.#
....... #.#
...... ..# ###


You could see a frilled lizard.

Vanquished Creatures
  2 adders (D:2)
  2 dart slugs (D:1)
  9 ball pythons (D:1)
  A giant cockroach (D:1)
  2 hobgoblins
  2 quokkas (D:1)
  3 bats
  2 kobolds (D:1)
  2 rats (D:1)
25 creatures vanquished.

Notes
Turn   | Place    | Note
-------+----------+-------------------------------------------
     0 | D:1      | themarg the Demonspawn Gladiator began the quest for the
                  | Orb.
     0 | D:1      | Reached XP level 1. HP: 16/16 MP: 1/1
   141 | D:1      | Reached skill level 3 in Dodging
   141 | D:1      | Gained mutation: You have large cloven feet. [demonic
                  | ancestry]
   141 | D:1      | Reached XP level 2. HP: 14/23 MP: 2/2
   890 | D:2      | Reached XP level 3. HP: 21/28 MP: 3/3
  1033 | D:2      | HP: 1/28 [adder (1)]
  1034 | D:2      | Succumbed to an adder's poison

Illustrated notes

Levels and vault maps discovered:
D:1:      dpeg_arrival_simpleton_c, layout_loops_ring, minmay_vboxes
D:2:      layout_basic, minmay_heptomino_o4

Skill      XL: |  1 |
---------------+----+-----
Dodging        | 3 |  3.3
Fighting       | |  2.9
Maces & Flails | |  2.6
Throwing       | |  1.7

Action                     || total
---------------------------++-------
  Melee: Flail             ||    83
         Kick              ||    13
         Punch             ||     1
   Stab: Sleeping          ||     3
 Armour: Leather armour    ||    34
  Dodge: Dodged            ||    85

Table legend: (Time is in decaauts)
 A = Elapsed time spent in this place.
 B = Non-inter-level travel time spent in this place.
 C = Inter-level travel time spent in this place.
 D = Time resting spent in this place.
 E = Time spent auto-exploring this place.
 F = Levels seen in this place.
 G = Mean time per level.
                   A        B        C        D        E       F      G
               +--------+--------+--------+--------+--------+-----+--------+
         Total |   1055 |   1033 |     22 |     56 |    766 |   2 |  527.5 |
       Dungeon |   1055 |   1033 |     22 |     56 |    766 |   2 |  527.5 |
               +--------+--------+--------+--------+--------+-----+--------+

Top non-repeatable levels by time:
     D:1: 838 daAuts
     D:2: 217 daAuts
